 Dungeon Crawl Stone Soup version 0.30-a0-1043-g60ff8d5f49 (webtiles) character file.

Game seed: 11421117490358954902

23907 OrthodoxDeviant the Warrior (level 13, -5/128 HPs)
             Began as a Ghoul Gladiator on Apr 10, 2023.
             Was a High Priest of Okawaru.
             Slain by a sixfirhy (12 damage)
             ... in a Gauntlet.
             The game lasted 00:36:00 (17194 turns).

OrthodoxDeviant the Warrior (Ghoul Gladiator)      Turns: 17194, Time: 00:36:01

Health: -5/128     AC: 16    Str: 23    XL:     13   Next: 9%
Magic:  16/18      EV: 14    Int:  6    God:    Okawaru [*****.]
Gold:   814        SH:  0    Dex: 12    Spells: 12/12 levels left

rFire   . . .      SeeInvis .    b - +3 battleaxe (venom)
rCold   + . .      Faith    .    (shield currently unavailable)
rNeg    + + +      Spirit   .    T - +0 plate armour of Daedek Fyxonn {rN+ Dex+2 Slay+3}
rPois   ∞          Reflect  .    U - +1 helmet of Buri {Int+3}
rElec   .          Rampage  .    y - +0 cloak
rCorr   .          NoTele   +    o - +0 pair of gloves
Will    .....                    (no boots) Stlth
                                 (no amulet)
HPRegen 0.00/turn                p - +4 ring of slaying
MPRegen 0.16/turn                O - +5 ring of evasion

@: heroic, flying, inhibited regen
A: claws 1, cold resistance 1, negative energy resistance 3, inhibited
regeneration, torment resistance 2, devour on kill
a: Renounce Religion, Heroism, Finesse, Duel


You were in a Gauntlet.
You worshipped Okawaru.
Okawaru was extremely pleased with you.
You visited 3 branches of the dungeon, and saw 14 of its levels.
You also visited: Ossuary and Gauntlet.

You collected 872 gold pieces.
You spent 58 gold pieces at shops.

Inventory:

Hand Weapons
 b - a +3 battleaxe of venom (weapon)
Missiles
 d - a throwing net (quivered)
 e - 11 javelins
Armour
 a - a +1 scale mail of fire resistance
 o - a +0 pair of gloves (worn)
 y - a +0 cloak (worn)
 T - the +0 plate armour of Daedek Fyxonn (worn) {rN+ Dex+2 Slay+3}
   (Okawaru gifted it to you on level 12 of the Dungeon)

   Dex:       It affects your dexterity (+2).
   Slay:      It affects your accuracy & damage with ranged weapons and melee
   (+3).
   rN:        It protects you from negative energy.
 U - the +1 helmet of Buri (worn) {Int+3}
   (You found it in a Gauntlet)

   Int:       It affects your intelligence (+3).
Jewellery
 f - a ring of see invisible
 j - a +6 ring of strength
 p - a +4 ring of slaying (left hand)
 N - a ring of willpower
 O - a +5 ring of evasion (right hand)
 R - a +6 ring of strength
Wands
 I - a wand of digging (2)
 J - a wand of polymorph (2)
 M - a wand of iceblast (13)
 S - a wand of quicksilver (4)
Scrolls
 h - a scroll of immolation {unknown}
 l - 2 scrolls of enchant weapon
 m - 2 scrolls of vulnerability
 n - 2 scrolls of magic mapping
 r - 2 scrolls of poison
 u - 3 scrolls of enchant armour
 v - 3 scrolls of torment
 w - 3 scrolls of amnesia
 x - 2 scrolls of fog
 A - a scroll of blinking
 C - 7 scrolls of teleportation
 E - a scroll of brand weapon {unknown}
 G - 2 scrolls of fear
Potions
 g - 3 potions of curing
 i - 3 potions of berserk rage
 k - 8 potions of lignification
 q - a potion of mutation {unknown}
 s - 4 potions of flight
 t - 5 potions of invisibility {unknown}
 z - 2 potions of might {unknown}
 B - 5 potions of heal wounds {unknown}
 D - 2 potions of magic {unknown}
 F - 2 potions of degeneration {unknown}
 H - 2 potions of brilliance
 K - a potion of attraction {unknown}
 L - a potion of haste {unknown}
 P - 3 potions of cancellation {unknown}
 Q - a potion of ambrosia {unknown}


   Skills:
 * Level 15.6(20.6) Fighting
 * Level 13.5(18.5) Axes
 - Level 1.7(6.7) Throwing
 - Level 2.6(7.6) Dodging
 + Level 8.4 Invocations


You had 12 spell levels left.
You didn't know any spells.
Your spell library contained the following spells:

 Spells                   Type           Power      Damage    Failure   Level
 Sandblast                Erth           0%         2d4       100%        1
 Passwall                 Tmut/Erth      0%         N/A       100%        2
 Dazzling Flash           Conj/Hex       0%         N/A       100%        3
 Stone Arrow              Conj/Erth      0%         3d7       100%        3
 Volatile Blastmotes      Fire/Tloc      0%         2d10      100%        3
 Cause Fear               Hex            0%         N/A       100%        4
 Iskenderun's Mystic Bla  Conj/Tloc      0%         2d3       100%        4
 Starburst                Conj/Fire      0%         6d3       100%        6
 Dragon Form              Tmut           Unusable   N/A       N/A         7
 Dragon's Call            Summ           Unusable   N/A       N/A         9

Dungeon Overview and Level Annotations

Branches:
Dungeon (12/15)            Temple (1/1) D:6            Lair (1/5) D:11
    Orc (0/2) D:10        Ossuary (visited)         Gauntlet (1/1)

Altars:
Ashenzari
Cheibriados
Dithmenos
Fedhas
Gozag
Hepliaklqana
Kikubaaqudgha
Makhleb
Nemelex Xobeh
Okawaru
Qazlal
Ru
Sif Muna
Trog
Uskayaw
Vehumet
Wu Jian
Xom
Yredelemnul

Shops:
D:6 *((

Portals:
Trove: D:10 (lose all piety)

Annotations:
Gauntlet 9 transporters


Innate Abilities, Weirdness & Mutations

You are immune to poison.
You have sharp fingernails.
Your flesh is cold resistant. (rC+)
You are immune to negative energy. (rN+++)
You do not regenerate when monsters are visible.
You are immune to unholy pain and torment.
You thrive by killing the living.


Message History

The sixfirhy hits you but does no damage.
The sixfirhy hits you! The sixfirhy shocks you!
You miss the sixfirhy.
The sixfirhy is severely wounded.
You miss the sixfirhy. The sixfirhy misses you. The sixfirhy hits you.
The sixfirhy shocks you! The sixfirhy barely misses you.
The sixfirhy hits you but does no damage.
The sixfirhy fails to trigger a net trap.
The sixfirhy closely misses you.
The sixfirhy hits you but does no damage.
The sixfirhy hits you. The sixfirhy shocks you! The sixfirhy hits you.
The sixfirhy shocks you!
* * * LOW HITPOINT WARNING * * *
The sixfirhy hits you but does no damage. x2
Blink to where?
Press: ? - help, Dir - move target
As you read the scroll of blinking, it crumbles to dust.
You gain the combat prowess of a mighty hero.
It was a potion of curing.
You feel better. The sixfirhy completely misses you.
You slice the sixfirhy!!
The sixfirhy looks as sick as possible!
The sixfirhy is heavily wounded.
The sixfirhy hits you.
* * * LOW HITPOINT WARNING * * *
The sixfirhy shocks you!
* * * LOW HITPOINT WARNING * * *
The sixfirhy hits the demonic plant!
The demonic plant begins to die.
The sixfirhy shocks the demonic plant!
The sixfirhy hits you!
* * * LOW HITPOINT WARNING * * *
The sixfirhy shocks you!
* * * LOW HITPOINT WARNING * * *
The sixfirhy hits the demonic plant!
The sixfirhy shocks the demonic plant!
The sixfirhy hits you but does no damage.
Okay, then.
It was a potion of flight.
You feel very buoyant.
You fly up into the air.
The sixfirhy hits the demonic plant!
The sixfirhy shocks the demonic plant!
The sixfirhy hits you.
* * * LOW HITPOINT WARNING * * *
The sixfirhy shocks you!
You die...

#...#..#.......yy#...#.......5p#.
#...#..###########...###########.
#.©.#≈.............≈.............
....#∩............≈8≈........∩...
#.©.#≈.............≈.............
#...#..###########...###########.
#...#..##.###.####...#.........#.
#.8.#..#^#..#^.#.#...#...###...#.
#...#..##(.##.##@#####....#....#.
#.8.#..#=###..#3##...#[#..#..#.#.
#...#..#©.##.#3###©.©#©.######.#©
#≈8≈#..#(##3#3P..#...#.#..#©.#.#.
#####..#.##.#.#.######....#....#.
###..#^...#©.#.#...#...###...#.
#8#..##.#.#^#..#.8.#.........#.
###..###########...###########.
#............................


You could see 3 sixfirhies.

Vanquished Creatures
  A blizzard demon (Gauntlet)
  4 two-headed ogres (D:11)
  A boulder beetle (D:12)
  2 sixfirhies (D:11)
  4 fire crabs (D:11)
  A manticore (D:11)
  An ugly thing (D:11)
  A wolf spider (D:11)
  4 cyclopes
  2 ice devils (Gauntlet)
  2 unseen horrors
  A komodo dragon (D:10)
  A kobold demonologist (D:10)
  3 trolls
  2 hellwings (D:11)
  2 hornets (D:9)
  A centaur simulacrum (D:11)
  3 shadows (D:11)
  A vampire (D:11)
  10 slime creatures
  A wyvern (D:6)
  12 yaks
  A wraith (D:10)
  A neqoxec (D:11)
  2 basilisks
  2 vampire mosquitoes (D:10)
  Menkaure (Ossuary)
  An acid dragon (D:8)
  5 water moccasins
  A sky beast (D:7)
  5 orc warriors
  3 ice beasts
  2 ogres
  A black bear (D:6)
  5 centaurs
  2 bullfrogs
  An elf zombie (Ossuary)
  4 kobold brigands
  2 scorpions
  2 gnoll sergeants
  25 wights
  10 killer bees
  3 howler monkeys
  2 centaur zombies (Ossuary)
  3 hounds
  3 quasits (D:11)
  7 orc priests
  4 jellies
  A sleepcap (D:4)
  3 gnoll boudas
  3 iguanas
  9 orc wizards
  3 ogre zombies (Ossuary)
  6 mummies (Ossuary)
  25 gnolls
  8 adders
  3 white imps
  2 ufetubi (D:5)
  6 adder zombies (Ossuary)
  3 worms
  4 dart slugs
  42 orcs
  6 bats
  5 endoplasms
  2 giant cockroaches (D:2)
  5 hobgoblins
  5 jackals
  26 kobolds
  5 quokkas
  12 ball pythons
  4 frilled lizards
  A gnoll zombie (Ossuary)
  2 goblins (D:4)
  4 goblin zombies (Ossuary)
  5 hobgoblin zombies (Ossuary)
  3 kobold zombies (Ossuary)
  2 quokka zombies (Ossuary)
  3 rats
  3 rat zombies (Ossuary)
  A spectral orc (D:3)
370 creatures vanquished.

Vanquished Creatures (others)
  10 demonic plants
  A fungus (Lair:1)
  4 plants (D:11)
15 creatures vanquished.

Grand Total: 385 creatures vanquished

Notes
Turn   | Place    | Note
-------+----------+-------------------------------------------
     0 | D:1      | OrthodoxDeviant the Ghoul Gladiator began the quest for the
                  | Orb.
     0 | D:1      | Reached XP level 1. HP: 17/17 MP: 0/0
   126 | D:1      | Reached XP level 2. HP: 25/25 MP: 1/1
   295 | D:1      | Reached skill level 3 in Fighting
   412 | D:1      | Reached XP level 3. HP: 28/31 MP: 2/2
   946 | D:2      | Found a shimmering altar of Xom.
   955 | D:2      | Reached XP level 4. HP: 29/38 MP: 3/3
  1140 | D:2      | Reached skill level 4 in Fighting
  1470 | D:3      | Reached XP level 5. HP: 40/46 MP: 4/4
  1749 | D:3      | Found a hazy altar of Hepliaklqana.
  1916 | D:3      | You fall into a shaft and drop 1 floor!
  2225 | D:4      | Reached skill level 5 in Fighting
  2225 | D:4      | Reached XP level 6. HP: 56/56 MP: 5/5
  2388 | D:4      | Reached skill level 5 in Axes
  2703 | D:5      | Entered Level 5 of the Dungeon
  2957 | D:5      | Noticed an ice beast
  3057 | D:5      | Noticed an ice beast
  3074 | D:5      | Killed an ice beast
  3075 | D:5      | Reached skill level 6 in Fighting
  3075 | D:5      | Reached XP level 7. HP: 63/63 MP: 6/6
  3539 | D:5      | Reached skill level 7 in Fighting
  3554 | D:5      | Reached XP level 8. HP: 16/73 MP: 7/7
  4053 | D:6      | Found Isoxtom's Antique Weapon Shop.
  4056 | D:6      | Found Vion's Antique Weapon Shop.
  4092 | D:6      | Found a sand-covered staircase.
  4099 | Ossuary  | Entered an ossuary
  4239 | Ossuary  | Noticed Menkaure
  4250 | Ossuary  | Killed Menkaure
  4426 | Ossuary  | Reached skill level 8 in Fighting
  4923 | D:6      | Noticed a wyvern
  4931 | D:6      | Killed a wyvern
  4932 | D:6      | Reached skill level 9 in Fighting
  4932 | D:6      | Reached XP level 9. HP: 56/83 MP: 8/8
  5035 | D:6      | Found Doys's Assorted Antiques.
  5118 | D:6      | HP: 4/83 [gnoll/+0 halberd[a gnoll sergeant] (11)]
  5149 | D:6      | HP: 3/84 [gnoll/+0 whip[a gnoll bouda] (7)]
  5389 | D:6      | Found a staircase to the Ecumenical Temple.
  5440 | Temple   | Entered the Ecumenical Temple
  5778 | Temple   | Became a worshipper of Warmaster Okawaru
  5845 | D:6      | Bought a scroll of identify for 58 gold pieces
  6557 | D:6      | Reached * piety under Okawaru
  6558 | D:6      | Reached skill level 10 in Fighting
  7206 | D:7      | Identified the +0 leather armour of Greater Demons {rElec
                  | rF- Str+5}
  7511 | D:7      | Noticed a cyclops
  7783 | D:8      | Reached skill level 1 in Invocations
  8303 | D:8      | Reached XP level 10. HP: 61/94 MP: 9/9
  8417 | D:8      | Reached ** piety under Okawaru
  8703 | D:8      | Found a sparkling altar of Nemelex Xobeh.
  8735 | D:8      | Reached skill level 11 in Fighting
  9529 | D:9      | Reached *** piety under Okawaru
  9530 | D:9      | Reached skill level 10 in Axes
  9810 | D:9      | Reached **** piety under Okawaru
  9934 | D:9      | Reached skill level 12 in Fighting
 10343 | D:9      | Reached XP level 11. HP: 105/105 MP: 13/13
 10386 | D:9      | Found a shimmering blue altar of Sif Muna.
 10503 | D:10     | Entered Level 10 of the Dungeon
 11747 | D:10     | Reached skill level 5 in Invocations
 11911 | D:10     | Reached ***** piety under Okawaru
 11911 | D:10     | Received a gift from Okawaru
 12000 | D:10     | Reached skill level 13 in Fighting
 12114 | D:10     | Found a staircase to the Orcish Mines.
 12667 | D:10     | Found a portal to a secret trove of treasure.
 12794 | D:11     | Noticed a two-headed ogre
 12798 | D:11     | Killed a two-headed ogre
 12887 | D:11     | Received a gift from Okawaru
 12909 | D:11     | Noticed a sixfirhy
 12920 | D:11     | Killed a sixfirhy
 13247 | D:11     | Noticed a manticore
 13267 | D:11     | Killed a manticore
 13406 | D:11     | Noticed a two-headed ogre
 13414 | D:11     | Killed a two-headed ogre
 13415 | D:11     | Reached XP level 12. HP: 31/116 MP: 15/15
 13645 | D:11     | Reached skill level 14 in Fighting
 13658 | D:11     | Noticed a two-headed ogre
 13907 | D:11     | Killed a two-headed ogre
 13907 | D:11     | Received a gift from Okawaru
 14504 | D:11     | Found a runed translucent door.
 14644 | D:11     | Found a staircase to the Lair.
 14767 | D:11     | Noticed a two-headed ogre
 14776 | D:11     | Killed a two-headed ogre
 14970 | D:11     | Received a gift from Okawaru
 15265 | D:11     | Noticed an entropy weaver
 15401 | D:12     | Identified the +0 plate armour of Daedek Fyxonn {rN+ Dex+2
                  | Slay+3} (Okawaru gifted it to you on level 12 of the
                  | Dungeon)
 15401 | D:12     | Received a gift from Okawaru
 15402 | D:12     | Reached skill level 15 in Fighting
 15638 | D:12     | Noticed a boulder beetle
 15648 | D:12     | Killed a boulder beetle
 16302 | Lair:1   | Entered Level 1 of the Lair of Beasts
 16309 | Lair:1   | Reached XP level 13. HP: 127/127 MP: 18/18
 16351 | Lair:1   | Found a gate leading to a gauntlet.
 16357 | Gauntlet | Entered a Gauntlet
 16357 | Gauntlet | Noticed a blizzard demon
 16357 | Gauntlet | Found a transporter.
 16357 | Gauntlet | Found a transporter.
 16357 | Gauntlet | Found a transporter.
 16357 | Gauntlet | Found a transporter.
 16361 | Gauntlet | Found a transporter.
 16377 | Gauntlet | Found a transporter.
 16400 | Gauntlet | Found a transporter.
 16406 | Gauntlet | Found a transporter.
 16420 | Gauntlet | Found a transporter.
 16438 | Gauntlet | Found a transporter.
 16446 | Gauntlet | Found a transporter.
 16464 | Gauntlet | Found a transporter.
 16979 | Gauntlet | Killed a blizzard demon
 16994 | Gauntlet | Identified the +1 helmet of Buri {Int+3}
 17194 | Gauntlet | Slain by a sixfirhy

Illustrated notes

Levels and vault maps discovered:
D:1:      spicycebolla_arrival_ecumenical, layout_loops_ring,
          minmay_tree_intersection
D:2:      layout_basic, basic_altar, serial_park_tiny_1
D:3:      layout_rooms, nicolae_hepliaklqana_monster_ancestors,
          chequers_mini_garden
D:4:      layout_rooms, hangedman_abyss_or_decor_passed
D:5:      minmay_chambers_of_fours, layout_rooms, marbit_many_paths, st_stairs_7
D:6:      minmay_bubble_buster, layout_loops_ring, temple_statues,
          chequers_ossuary_entry_cave, serial_shops,
          nicolae_inconvenience_store, nicolae_shop_waterfront, shop
D:7:      layout_loops_cross, lightli_corner_chamber
D:8:      layout_cave_pods, nemelex_spade_bored_becter
D:9:      layout_basic, lemuel_doored_altar
D:10:     layout_basic, minmay_orc_entry_temple_small,
          nicolae_trove_entry_diagonal
D:11:     gammafunk_mikee_crab_dinner, layout_cave_pools, lair_entry_dummy,
          serial_demonic, serial_demonic_d, serial_demonic_g, serial_demonic_c,
          serial_demonic_c, minmay_shattered_shrine
D:12:     layout_cave_pools
Temple:   hc_temple_tempest_star
Lair:1:   layout_cave_pods, gauntlet_entry_generic,
          portal_ice_cave_entry_pillars_2, patterned_corridor, uniq_maggie
Gauntlet: gammafunk_gauntlet_shortcut [nicolae_gauntlet_arena_t_cross,
          gammafunk_gauntlet_arena_mazey, gammafunk_gauntlet_arena_corners,
          nicolae_gauntlet_arena_flowing_pool, nicolae_gauntlet_arena_x,
          nicolae_gauntlet_arena_blocks, dreamdust_gauntlet_exit_labyrinth]

Skill      XL: |  1  2  3  4  5  6  7  8  9 10 11 12 |
---------------+-------------------------------------+-----
Axes           | 3 4 5 6 7 9 10 12 13 | 13.5
Fighting       | 3 4 5 6 7 9 10 12 13 15 | 15.6
Invocations    | 1 4 6 8 |  8.4
Throwing       | |  1.7
Dodging        | |  2.6

Action                     |  1- 3 |  4- 6 |  7- 9 | 10-12 | 13-15 || total
---------------------------+-------+-------+-------+-------+-------++-------
  Melee: War axe           |    77 |   161 |   358 |       |       ||   596
         Punch             |       |     1 |     1 |       |       ||     2
         Battleaxe         |       |       |    73 |   474 |    28 ||   575
         Hand axe          |       |       |    16 |       |       ||    16
  Throw: Throwing net      |       |     1 |     1 |     5 |     1 ||     8
 Invoke: Heroism           |       |       |       |     3 |     2 ||     5
         Finesse           |       |       |       |     1 |       ||     1
    Use: Scroll            |       |       |     7 |     9 |     2 ||    18
         Potion            |       |       |     1 |       |     2 ||     3
   Stab: Held in net/web   |       |     1 |       |     1 |     1 ||     3
 Armour: Leather armour    |    32 |    41 |       |       |       ||    73
         Ring mail         |       |    33 |   159 |       |       ||   192
         Scale mail        |       |       |    39 |   169 |       ||   208
         Plate armour      |       |       |       |    16 |    11 ||    27
  Dodge: Dodged            |    65 |   138 |   303 |   330 |    11 ||   847

Table legend: (Time is in decaauts)
 A = Elapsed time spent in this place.
 B = Non-inter-level travel time spent in this place.
 C = Inter-level travel time spent in this place.
 D = Time resting spent in this place.
 E = Time spent auto-exploring this place.
 F = Levels seen in this place.
 G = Mean time per level.
                   A        B        C        D        E       F      G
               +--------+--------+--------+--------+--------+-----+--------+
         Total |  17401 |  16336 |   1065 |   4475 |   8151 |  16 | 1087.6 |
       Dungeon |  15463 |  14452 |   1011 |   4139 |   7477 |  12 | 1288.6 |
        Temple |    350 |    296 |     54 |      0 |    276 |   1 |  350.0 |
          Lair |     55 |     55 |      0 |      0 |      0 |   1 |   55.0 |
       Ossuary |    699 |    699 |      0 |    185 |    247 |   1 |  699.0 |
      Gauntlet |    833 |    833 |      0 |    151 |    151 |   1 |  833.0 |
               +--------+--------+--------+--------+--------+-----+--------+

Top non-repeatable levels by time:
    D:10: 2543 daAuts
    D:11: 2233 daAuts
     D:6: 1831 daAuts
     D:8: 1494 daAuts
     D:7: 1345 daAuts
     D:9: 1298 daAuts
     D:5: 1158 daAuts
Gauntlet: 833 daAuts
     D:2: 744 daAuts
     D:4: 738 daAuts
     D:1: 719 daAuts
 Ossuary: 699 daAuts
    D:12: 691 daAuts
     D:3: 665 daAuts
  Temple: 350 daAuts
